 Dungeon Crawl Stone Soup version 0.25-a0-413-g3b4b6a4 (webtiles) character file.

Game seed: 11591745457205858925, levelgen mode: deterministic

49 2tousent the Ducker (level 3, 0/17 HPs)
             Began as a Felid Berserker on Jan 16, 2020.
             Was a Follower of Trog.
             Succumbed to an adder's poison
             ... on level 2 of the Dungeon.
             The game lasted 00:02:04 (879 turns).

2tousent the Ducker (Felid Berserker)                Turns: 879, Time: 00:02:04

Health: 0/17       AC:  1    Str: 13    XL:     3   Next: 51%
Magic:  4/4        EV: 20    Int:  8    God:    Trog [*.....]
Gold:   87         SH:  0    Dex: 16    Spells: 2/2 levels left
                                        Lives:  0   Deaths: 0

rFire    . . .     SeeInvis +     - Unarmed
rCold    . . .     Gourm    .   (shield unavailable)
rNeg     . . .     Faith    .   (armour unavailable)
rPois    .         Spirit   .   (helmet unavailable)
rElec    .         Reflect  .   (cloak unavailable)
rCorr    .         Harm     .   (gloves unavailable)
MR       .....                  (boots unavailable)
Stlth    ++........             (no amulet)
HPRegen  0.05/turn              (no ring)
MPRegen  0.09/turn              (no ring)

@: lethally poisoned (0 -> -9), berserk cooldown, slowed, slow
A: very small, no armour, no weapons or thrown items, stealth, claws 1, fangs 3,
see invisible, carnivore, speed 1, shaggy fur 1, slow metabolism 1, sharp paws
a: Berserk, Renounce Religion


You were on level 2 of the Dungeon.
You worshipped Trog.
Trog was aware of your devotion.
You were not hungry.

You visited 1 branch of the dungeon, and saw 2 of its levels.

You collected 87 gold pieces.

Inventory:

Scrolls
 b - 3 scrolls of enchant armour {unknown}
 c - a scroll of enchant weapon {unknown}
 e - a scroll of random uselessness {unknown}
 f - a scroll of amnesia {unknown}
 g - a scroll of remove curse {unknown}
Comestibles
 a - a ration


   Skills:
 + Level 3.4 Fighting
 + Level 4.6 Dodging
 * Level 3.9 Unarmed Combat


You had 2 spell levels left.
You didn't know any spells.
Your spell library was empty.

Dungeon Overview and Level Annotations

Branches:
Dungeon (2/15)

Altars:


Innate Abilities, Weirdness & Mutations

You cannot wear armour.
You are incapable of wielding weapons or throwing items.
Your paws allow you to move quietly. (Stealth)
You have sharp claws.
You have razor-sharp teeth.
You have supernaturally acute eyesight. (SInv)
You are carnivorous and can eat meat at any time.
You cover ground quickly.
You are covered in fur. (AC +1)
You have a slow metabolism.
Your sharp claws are effective at attacking unaware monsters.


Message History

You butcher the adder corpse.
You feel a strong urge to attack something.
* * * LOW HITPOINT WARNING * * *
You feel sick.
Things that are here:
a chunk of flesh; an adder skeleton You feel your anger nearly subside.
You are no longer berserk.
You are exhausted.
You feel yourself slow down.
* * * LOW HITPOINT WARNING * * *
You feel sick.
* * * LOW HITPOINT WARNING * * *
You feel sick.
It was a potion of berserk rage.
You're still recovering from your berserk rage.
* * * LOW HITPOINT WARNING * * *
You feel sick.
* * * LOW HITPOINT WARNING * * *
You feel sick.
You die...

# ##### .#.....
#.#.#.# #.#.#.#
#.#.#.# # #.#.#!#
.#### ####.#.#@##.....
..##....%..........# #
...?(........#.###.#.#
#...##.#.##.# ....)..
##..##.#.##.##.......
#..#...............# #
##..........#####.###
.###......#..### . ...
....#....#####


There were no monsters in sight!

Vanquished Creatures
  3 adders (D:2)
  2 dart slugs (D:1)
  2 giant cockroaches
  2 goblins (D:1)
  3 hobgoblins (D:1)
  2 frilled lizards (D:1)
  2 kobolds (D:1)
  3 rats (D:1)
19 creatures vanquished.

Notes
Turn   | Place    | Note
-------+----------+-------------------------------------------
     0 | D:1      | 2tousent the Felid Berserker began the quest for the Orb.
     0 | D:1      | Reached XP level 1. HP: 10/10 MP: 2/2
   135 | D:1      | Reached XP level 2. HP: 9/14 MP: 3/3
   792 | D:2      | Reached XP level 3. HP: 16/17 MP: 4/4
   879 | D:2      | Succumbed to an adder's poison

Levels and vault maps discovered:
D:1:      kilobyte_arrival_exit_the_forest, layout_rooms,
          minmay_large_rounded_square, minmay_tromino_i4
D:2:      layout_loops_ring, nemelex_dance_club_becter

Action                   || total
-------------------------++-------
Melee: Unarmed           ||    46
       Bite              ||     3
Invok: Berserk           ||     4
  Use: Potion            ||     1
  Eat: Chunk             ||     6
Armor: Skin              ||     2
Dodge: Dodged            ||    37

Table legend:
 A = Non-vault XP
 B = Vault XP
 C = Vault XP percentage of total XP
 D = Non-vault monster count
 E = Vault monster count
 F = Vault count percentage of total count
                 A         B        C        D         E       F
            +---------+---------+-------+---------+---------+-------
      Total |      67 |       3 |   4.3 |      17 |       2 |  10.5
            +---------+---------+-------+---------+---------+-------
        D:1 |      25 |       3 |  10.7 |      13 |       2 |  13.3
        D:2 |      42 |       0 |   0.0 |       4 |       0 |   0.0
            +---------+---------+-------+---------+---------+-------
